 Dungeon Crawl Stone Soup version 0.27-a0-242-ge0fc76b88b (webtiles) character file.

Game seed: 10506053385667937538

1430 Borgoz the Slasher (level 8, -5/69 HPs)
             Began as a Ghoul Gladiator on Feb 3, 2021.
             Slain by an orc warrior
             ... wielding a +1 vorpal long sword
              (6 damage)
             ... on level 6 of the Dungeon.
             The game lasted 00:13:04 (5095 turns).

Borgoz the Slasher (Ghoul Gladiator)                Turns: 5095, Time: 00:13:05

Health: -5/69      AC:  8    Str: 18    XL:     8   Next: 73%
Magic:  7/7        EV: 13    Int:  3    God:
Gold:   272        SH:  5    Dex: 12    Spells: 7/7 levels left

rFire    + . .     SeeInvis .   b - +2 short sword (venom)
rCold    + + .     Faith    .   (no shield)
rNeg     + + +     Spirit   .   y - +1 ring mail {rC+}
rPois    ∞         Reflect  +   c - +0 helmet
rElec    .         Harm     .   (no cloak)
rCorr    .         Rampage  .   (no gloves)
Will     .....                  (no boots)
Stlth    +.........             v - amulet of reflection
HPRegen  0.00/turn              w - ring of protection from fire
MPRegen  0.10/turn              n - +4 ring of slaying

@: no status effects
A: claws 1, cold resistance 1, negative energy resistance 3, inhibited
regeneration, torment resistance, unbreathing
a: no special abilities


You were on level 6 of the Dungeon.
You visited 1 branch of the dungeon, and saw 6 of its levels.

You collected 272 gold pieces.

Inventory:

Hand Weapons
 a - a +0 long sword
 b - a +2 short sword of venom (weapon)
Missiles
 d - 3 throwing nets (quivered)
Armour
 c - a +0 helmet (worn)
 y - a +1 ring mail of cold resistance (worn)
Jewellery
 n - a +4 ring of slaying (right claw)
 p - an uncursed ring of see invisible
 v - an amulet of reflection (around neck)
 w - a ring of protection from fire (left claw)
 x - an uncursed ring of ice
Wands
 o - a wand of acid (4)
Scrolls
 e - 2 scrolls of remove curse {unknown}
 f - 5 scrolls of identify {unknown}
 g - a scroll of fear {unknown}
 h - 4 scrolls of teleportation {unknown}
 j - a scroll of blinking {unknown}
 q - a scroll of noise {unknown}
 r - a scroll of random uselessness {unknown}
 s - 3 scrolls of enchant armour {unknown}
 u - a scroll of enchant weapon {unknown}
Potions
 i - a potion of invisibility {unknown}
 k - a potion of resistance {unknown}
 l - 3 potions of might {unknown}
 m - a potion of cancellation {unknown}
 t - 2 potions of brilliance {unknown}
 A - a potion of magic {unknown}


   Skills:
 + Level 5.4 Fighting
 * Level 6.7 Long Blades
 - Level 1.7 Throwing
 + Level 4.0 Armour
 + Level 5.0 Dodging


You had 7 spell levels left.
You didn't know any spells.
Your spell library contained the following spells:

 Spells                   Type           Power        Failure   Level
 Freeze                   Ice            0%           71%         1
 Frozen Ramparts          Ice            0%           97%         3
 Ozocubu's Armour         Ice            0%           97%         3
 Hailstorm                Conj/Ice       0%           100%        4
 Summon Ice Beast         Ice/Summ       0%           100%        4


Dungeon Overview and Level Annotations

Branches:
Dungeon (6/15)             Temple (0/1) D:5

Altars:
Ashenzari
Cheibriados
Elyvilon
Nemelex Xobeh
Qazlal
Uskayaw
Xom
Zin

Shops:
D:5 ?

Annotations:
D:2 2 transporters
D:3 3 runed translucent doors, WasteTime5's ghost, amateur TrMo


Innate Abilities, Weirdness & Mutations

You thrive by killing the living.
You are immune to poison.
You have sharp fingernails.
Your flesh is cold resistant. (rC+)
You are immune to negative energy. (rN+++)
You do not regenerate when monsters are visible.
You are immune to unholy pain and torment.
You can survive without breathing.


Message History

Deactivating autopickup; reactivate with Ctrl-A.
You are too injured to fight recklessly!
You are too injured to fight recklessly!
You hit the orc warrior.
The orc warrior is moderately wounded.
The orc warrior hits you with a +1 vorpal long sword!
* * * LOW HITPOINT WARNING * * *
You hit the orc warrior.
The orc warrior is moderately wounded.
The sky beast flickers out of sight!
The orc warrior barely misses you.
You are too injured to fight recklessly!
You hit the orc warrior but do no damage.
The orc warrior looks as sick as possible!
The orc warrior is moderately wounded.
You hit the orc warrior.
The orc warrior looks as sick as possible!
The orc warrior is severely wounded.
The orc warrior hits you with a +1 vorpal long sword!!
* * * LOW HITPOINT WARNING * * *
You die...

#.##.##.##.......
##.....#.####.....
......#.......#.# #
#.##..######.....
#.##.##..# ######
#........#
.########.##..# .
......{##.##..###....
....≈o.o@(##.........
.....≈Z#####.####....
# .###### ####.# .. #
#....# # #.#### # #.#
# #.######## #
#........###### #
########......###


You could see an orc warrior (extremely poisoned), an orc priest and a centaur
zombie.

Vanquished Creatures
  Grinder (D:5)
  Sigmund (D:3)
  Menkaure (D:5)
  An orc warrior (D:5)
  A sky beast (D:5)
  A phantom (D:5)
  Blork the orc (D:5)
  A howler monkey (D:4)
  An orc priest (D:5)
  A jelly (D:4)
  A bullfrog skeleton (D:4)
  A centaur skeleton (D:5)
  Ijyb (D:3)
  4 orc wizards
  4 worker ants
  A hound skeleton (D:4)
  Robin (D:3)
  6 gnolls
  6 adders
  A white imp (D:5)
  2 oozes
  13 orcs
  2 ball pythons
  13 bats
  6 giant cockroaches
  12 goblins
  10 hobgoblins
  8 jackals
  10 kobolds
  3 quokkas
  11 frilled lizards
  A jackal skeleton (D:5)
  A quokka skeleton (D:4)
  A quokka zombie (D:5)
  7 rats
136 creatures vanquished.

Vanquished Creatures (others)
  A plant (D:1)
1 creature vanquished.

Grand Total: 137 creatures vanquished

Notes
Turn   | Place    | Note
-------+----------+-------------------------------------------
     0 | D:1      | Borgoz the Ghoul Gladiator began the quest for the Orb.
     0 | D:1      | Reached XP level 1. HP: 17/17 MP: 0/0
    93 | D:1      | Reached XP level 2. HP: 12/25 MP: 1/1
   327 | D:1      | Reached skill level 3 in Long Blades
   572 | D:1      | Reached XP level 3. HP: 30/30 MP: 2/2
   823 | D:2      | Noticed an orc warrior
   828 | D:2      | Reached skill level 1 in Armour
   830 | D:2      | Found a white marble altar of Elyvilon.
   831 | D:2      | Found a glowing silver altar of Zin.
   831 | D:2      | Found a transporter.
   847 | D:2      | Noticed an ice beast
   865 | D:2      | Reached XP level 4. HP: 28/37 MP: 3/3
  1125 | D:2      | Found a snail-covered altar of Cheibriados.
  1159 | D:2      | Found a transporter.
  1607 | D:3      | Found a runed translucent gate.
  1607 | D:3      | Found a runed translucent gate.
  1607 | D:3      | Found a runed translucent gate.
  1607 | D:3      | Noticed WasteTime5's ghost (amateur TrMo)
  1682 | D:3      | Noticed Ijyb
  1689 | D:3      | Killed Ijyb
  1690 | D:3      | Reached XP level 5. HP: 45/45 MP: 4/4
  1826 | D:3      | Reached skill level 4 in Long Blades
  2265 | D:3      | Noticed Sigmund
  2277 | D:3      | Killed Sigmund
  2278 | D:3      | Reached XP level 6. HP: 51/52 MP: 5/5
  2527 | D:3      | Noticed Robin
  2546 | D:3      | Killed Robin
  2670 | D:4      | Reached XP level 7. HP: 59/59 MP: 6/6
  2674 | D:4      | Reached skill level 5 in Long Blades
  3728 | D:5      | Entered Level 5 of the Dungeon
  3728 | D:5      | Noticed Blork the orc
  3862 | D:5      | Noticed Grinder
  3865 | D:5      | Paralysed by Grinder for 5 turns
  3875 | D:5      | Paralysed by Grinder for 5 turns
  3877 | D:5      | Killed Grinder
  3897 | D:5      | Found a staircase to the Ecumenical Temple.
  4023 | D:5      | Found a broken altar of Ashenzari.
  4087 | D:5      | Reached XP level 8. HP: 54/67 MP: 7/7
  4168 | D:5      | Killed Blork the orc
  4169 | D:5      | Reached skill level 6 in Long Blades
  4233 | D:5      | Found a stormy altar of Qazlal.
  4245 | D:5      | Reached skill level 5 in Fighting
  4681 | D:5      | Noticed Menkaure
  4690 | D:5      | Killed Menkaure
  4813 | D:5      | Found Tybyteiff's Magic Scroll Shop.
  4841 | D:5      | Reached skill level 5 in Dodging
  4912 | D:5      | Found a sparkling altar of Nemelex Xobeh.
  4912 | D:5      | Found a shimmering altar of Xom.
  4912 | D:5      | Found a hide-covered altar of Uskayaw.
  5095 | D:6      | HP: 1/69 [orc warrior/+1 vorpal long sword (18)]
  5095 | D:6      | Slain by an orc warrior

Illustrated notes

Levels and vault maps discovered:
D:1:      sevenhm_arrival_forest_fort_small_3, layout_rooms
D:2:      layout_basic, gammafunk_temple_overflow_arena, minmay_lizard_pond
D:3:      layout_loops_ring, gammafunk_ghost_split, kennysheep_path_1,
          minmay_misc_feat_chi, uniq_robin, uniq_sigmund, uniq_ijyb
D:4:      layout_basic
D:5:      layout_gridville, nicolae_qazlal_eye_of_the_storm,
          nicolae_ashenzari_panopticon, gammafunk_temple_overflow_claw,
          minmay_temple_entry_grid, serial_shops, nicolae_shop_crystal,
          uniq_grinder, uniq_menkaure, uniq_blork_the_orc
D:6:      layout_loops_cross, uniq_duvessa

Skill      XL: |  1  2  3  4  5  6  7  8 |
---------------+-------------------------+-----
Long Blades    | 3 4 5 6 |  6.7
Dodging        | 3 4 5 |  5.0
Armour         | 1 2 3 4 |  4.0
Fighting       | 3 4 5 |  5.4
Throwing       | |  1.7

Action                   |  1- 3 |  4- 6 |  7- 9 || total
-------------------------+-------+-------+-------++-------
Melee: Long sword        |    37 |       |       ||    37
       Short sword       |    49 |   201 |   183 ||   433
Throw: Throwing net      |       |       |     3 ||     3
  Use: Potion            |       |     1 |     2 ||     3
 Stab: Sleeping          |       |     2 |     1 ||     3
       Distracted        |       |     1 |       ||     1
       Held in net/web   |       |       |     1 ||     1
Armor: Leather armour    |    24 |    76 |     2 ||   102
       Ring mail         |       |       |    34 ||    34
Dodge: Dodged            |    70 |   172 |    91 ||   333
Block: Other             |       |       |    33 ||    33
       Reflection        |       |       |     1 ||     1
       Rpst.: Long sword |    10 |       |       ||    10

Table legend: (Time is in decaauts)
 A = Elapsed time spent in this place.
 B = Non-inter-level travel time spent in this place.
 C = Inter-level travel time spent in this place.
 D = Time resting spent in this place.
 E = Time spent auto-exploring this place.
 F = Levels seen in this place.
 G = Mean time per level.
                   A        B        C        D        E       F      G
               +--------+--------+--------+--------+--------+-----+--------+
         Total |   5083 |   4900 |    183 |    775 |   3012 |   6 |  847.2 |
       Dungeon |   5083 |   4900 |    183 |    775 |   3012 |   6 |  847.2 |
               +--------+--------+--------+--------+--------+-----+--------+

Top non-repeatable levels by time:
     D:4: 1147 daAuts
     D:5: 1120 daAuts
     D:3: 1044 daAuts
     D:2: 861 daAuts
     D:1: 754 daAuts
     D:6: 155 daAuts
